 Dungeon Crawl Stone Soup version 0.30-a0-964-gd452b5e7fa (webtiles) character file.

Game seed: 10515829901593868857

70 vishdafish the Conjurer (level 4, 19/30 HPs)
             Began as a Demonspawn Conjurer on Mar 30, 2023.
             Quit the game on level 3 of the Dungeon.
             The game lasted 00:02:07 (2319 turns).

vishdafish the Conjurer (Demonspawn Conjurer)       Turns: 2319, Time: 00:02:08

Health: 19/30      AC:  3    Str:  7    XL:     4   Next: 3%
Magic:  1/8        EV: 12    Int: 22    God:
Gold:   75         SH:  0    Dex: 11    Spells: 8/9 levels left

rFire   . . .      SeeInvis +    u - +4 dagger (speed)
rCold   . . .      Faith    .    (no shield)
rNeg    . . .      Spirit   .    a - +0 robe
rPois   .          Reflect  .    f - +0 helmet
rElec   .          Rampage  .    (no cloak)
rCorr   .                        (no gloves)
Will    .....                    (no boots)
Stlth   ++                       (no amulet)
HPRegen 0.25/turn                o - ring of see invisible
MPRegen 0.11/turn                (no ring)

@: no status effects
A: claws 1, demonic guardian 1
a: no special abilities


You were on level 3 of the Dungeon.
You visited 1 branch of the dungeon, and saw 3 of its levels.

You collected 75 gold pieces.

Inventory:

Hand Weapons
 t - a +0 falchion
 u - a +4 dagger of speed (weapon)
Armour
 a - a +0 robe (worn)
 f - a +0 helmet (worn)
 k - an orb of energy
Jewellery
 o - a ring of see invisible (left claw)
Scrolls
 d - a scroll of poison {unknown}
 e - 3 scrolls of noise {unknown}
 h - a scroll of amnesia {unknown}
 i - 2 scrolls of enchant weapon {unknown}
 j - 3 scrolls of identify {unknown}
 m - a scroll of vulnerability {unknown}
 n - 4 scrolls of magic mapping {unknown}
 p - a scroll of torment {unknown}
 q - a scroll of teleportation {unknown}
 s - a scroll of brand weapon {unknown}
Potions
 b - a potion of magic
 c - 2 potions of mutation {unknown}
 g - a potion of curing {unknown}
 l - a potion of invisibility {unknown}
 r - a potion of flight {unknown}


   Skills:
 - Level 1.7 Dodging
 - Level 1.7 Stealth
 + Level 3.1 Spellcasting
 + Level 4.9 Conjurations


You had 8 spell levels left.
You knew the following spells:

 Your Spells              Type           Power      Damage    Failure   Level
a - Magic Dart            Conj           100%       1d8       1%          1

Your spell library contained the following spells:

 Spells                   Type           Power      Damage    Failure   Level
 Searing Ray              Conj           50%        2d6       2%          2
 Shock                    Conj/Air       56%        1d6       4%          1
 Freeze                   Ice            12%        1d3       12%         1
 Dazzling Flash           Conj/Hex       28%        N/A       14%         3
 Hailstorm                Conj/Ice       14%        3d5       14%         3
 Frozen Ramparts          Ice            6%         1d1       36%         3
 Ignite Poison            Fire/Tmut/Pois 3%         N/A       36%         3
 Kindle Blastsparks       Fire/Tloc/Air  6%         2d10      36%         3
 Swiftness                Air            3%         N/A       36%         3
 Fulminant Prism          Conj/Hex       7%         3d7       41%         4
 Iskenderun's Mystic Bla  Conj/Tloc      14%        2d5       41%         4
 Airstrike                Air            1%         2d(1-17)  77%         4
 Freezing Cloud           Conj/Ice/Air   5%         6-21      86%         5


Dungeon Overview and Level Annotations

Branches:
Dungeon (3/15)

Altars:
Cheibriados
Sif Muna

Shops:
D:2 :


Innate Abilities, Weirdness & Mutations

You have sharp fingernails.
A weak demonic guardian rushes to your aid.


Message History

Aim: a worm (100% to hit)
Okay, then.
u - a +4 dagger of speed Your claws tingle!
u - a +4 dagger of speed (weapon)
Aiming: Magic Dart (safe; 1% risk of failure)
Press: ? - help, Q - select action Shift-Dir - straight line, f/p - worm
Aim: a worm (100% to hit)
The magic dart hits the worm!
The worm is moderately wounded.
Aiming: Magic Dart (safe; 1% risk of failure)
Press: ? - help, Q - select action Shift-Dir - straight line, f/p - worm
Aim: a worm (moderately wounded, 100% to hit)
The magic dart hits the worm.
The worm is heavily wounded.
The worm barely misses you.
You hit the worm.
The worm is heavily wounded.
You completely miss the worm.
The worm is heavily wounded.
The worm barely misses you.
You hit the worm but do no damage.
The worm is heavily wounded.
The orc shouts!
You hit the worm.
The worm is severely wounded.
The worm barely misses you.
You hit the worm.
The worm is severely wounded.
You hit the worm. You claw the worm.
The worm is almost dead.
The worm bites you!
You hit the worm but do no damage.
The worm is almost dead.
You hit the worm.
You kill the worm!
You have reached level 4!
You feel clever.
Your demonic ancestry asserts itself...
You feel the presence of a demonic guardian.
Are you sure you want to abandon this character and quit the game? (Confirm with "yes".)

..# #...# ..# ##..#####
### #......# ######..
##.....## ######.......
####...######...##.#...#
#.........##...##.#... #
#.........##...##.#.##.#
#.........##...#.....$..
#......@...#..)#........
#.......†..#...#.....#..
#....................#
#.........#>.....#...#
##.....o.######..##..#
###...#.# #..##.^#
#...#.# #..##..#
.......# #..##.?. ....
.# #..# ....


You could see an orc.

Vanquished Creatures
  2 adders (D:2)
  A worm (D:3)
  A dart slug (D:3)
  2 orcs (D:3)
  3 endoplasms
  3 giant cockroaches
  4 goblins
  A hobgoblin (D:3)
  4 jackals (D:2)
  5 kobolds
  A quokka (D:2)
  5 ball pythons
  2 bats
  3 frilled lizards
  6 rats
43 creatures vanquished.

Notes
Turn   | Place    | Note
-------+----------+-------------------------------------------
     0 | D:1      | vishdafish the Demonspawn Conjurer began the quest for the
                  | Orb.
     0 | D:1      | Reached XP level 1. HP: 13/13 MP: 3/3
   361 | D:1      | Gained mutation: You have sharp fingernails. [demonic
                  | ancestry]
   361 | D:1      | Reached XP level 2. HP: 19/19 MP: 0/5
   704 | D:1      | Found a faded altar of an unknown god.
   704 | D:1      | Noticed a rust devil
  1227 | D:2      | Reached XP level 3. HP: 24/24 MP: 1/7
  1552 | D:2      | Found Dich's Book Shoppe.
  1867 | D:2      | Found a shimmering blue altar of Sif Muna.
  2101 | D:3      | Found a snail-covered altar of Cheibriados.
  2319 | D:3      | Gained mutation: A weak demonic guardian rushes to your
                  | aid. [demonic ancestry]
  2319 | D:3      | Reached XP level 4. HP: 19/30 MP: 1/8
  2319 | D:3      | Quit the game

Illustrated notes

Levels and vault maps discovered:
D:1:      eino_arrival_cavern_e, layout_loops_ring,
          dreamdust_ecumenical_altar_sealed_demon
D:2:      layout_loops_ring, basic_altar, serial_shops, shop,
          kennysheep_generic_room_8
D:3:      layout_basic, lemuel_round_altar

Skill      XL: |  1  2  3 |
---------------+----------+-----
Spellcasting   | 3 |  3.1
Dodging        | |  1.7
Stealth        | |  1.7
Conjurations   | |  4.9

Action                     |  1- 3 |  4- 6 || total
---------------------------+-------+-------++-------
  Melee: Dagger            |     8 |       ||     8
         Falchion          |     5 |       ||     5
         Unarmed           |     3 |       ||     3
         Punch             |     1 |       ||     1
   Cast: Magic Dart        |    91 |       ||    91
  Dodge: Dodged            |    15 |       ||    15

Table legend: (Time is in decaauts)
 A = Elapsed time spent in this place.
 B = Non-inter-level travel time spent in this place.
 C = Inter-level travel time spent in this place.
 D = Time resting spent in this place.
 E = Time spent auto-exploring this place.
 F = Levels seen in this place.
 G = Mean time per level.
                   A        B        C        D        E       F      G
               +--------+--------+--------+--------+--------+-----+--------+
         Total |   2315 |   2272 |     43 |      0 |   2030 |   3 |  771.7 |
       Dungeon |   2315 |   2272 |     43 |      0 |   2030 |   3 |  771.7 |
               +--------+--------+--------+--------+--------+-----+--------+

Top non-repeatable levels by time:
     D:1: 1087 daAuts
     D:2: 884 daAuts
     D:3: 343 daAuts
